 Dungeon Crawl Stone Soup version 0.26.1-2-gb8aa6d0cf2 (webtiles) character file.

Game seed: 17689985201273851392

50 Descartes the Magician (level 3, -6/20 HPs)
             Began as a Deep Elf Wanderer on Feb 26, 2021.
             Killed from afar by Sigmund (7 damage)
             ... with a puff of flame
             ... on level 2 of the Dungeon.
             The game lasted 00:05:11 (2398 turns).

Descartes the Magician (Deep Elf Wanderer)          Turns: 2398, Time: 00:05:12

Health: -6/20      AC:  2    Str: 10    XL:     3   Next: 55%
Magic:  10/10      EV: 11    Int: 19    God:
Gold:   82         SH:  0    Dex: 11    Spells: 8/10 levels left

rFire    . . .     SeeInvis .   a - +0 dagger
rCold    . . .     Faith    .   (no shield)
rNeg     . . .     Spirit   .   d - +0 robe
rPois    .         Reflect  .   (no helmet)
rElec    .         Harm     .   (no cloak)
rCorr    .         Rampage  .   (no gloves)
Will     .....                  (no boots)
Stlth    ++........             (no amulet)
HPRegen  0.06/turn              (no ring)
MPRegen  0.12/turn              (no ring)

@: no status effects
A: no striking features
a: no special abilities


You were on level 2 of the Dungeon.
You visited 1 branch of the dungeon, and saw 2 of its levels.

You collected 82 gold pieces.

Inventory:

Hand Weapons
 a - a +0 dagger (weapon)
Missiles
 b - 18 poisoned darts (quivered)
 f - 13 stones
 g - 41 arrows
 h - 19 bolts
Armour
 d - a +0 robe (worn)
Jewellery
 k - an uncursed ring of protection from fire {unknown}
 n - an uncursed ring of positive energy
Scrolls
 e - a scroll of identify {unknown}
 i - 4 scrolls of remove curse {unknown}
 j - 2 scrolls of fear {unknown}
 l - a scroll of magic mapping {unknown}
Potions
 c - a potion of curing
 m - a potion of resistance {unknown}


   Skills:
 - Level 1.5 Fighting
 - Level 1.3 Bows
 - Level 2.4 Stealth
 + Level 4.0 Spellcasting
 + Level 1.9 Conjurations
 - Level 1.3 Hexes
 + Level 3.1 Ice Magic


You had 8 spell levels left.
You knew the following spells:

 Your Spells              Type           Power        Failure   Level
a - Freeze                Ice            60%          3%          1
b - Magic Dart            Conj           44%          6%          1

Your spell library contained the following spells:

 Spells                   Type           Power        Failure   Level
 Slow                     Hex            9%           12%         2
 Ozocubu's Armour         Ice            15%          12%         3
 Blink                    Tloc           N/A          21%         2
 Call Imp                 Summ           3%           21%         2
 Conjure Flame            Conj/Fire      7%           28%         3
 Mephitic Cloud           Conj/Pois/Air  6%           32%         3


Dungeon Overview and Level Annotations

Branches:
Dungeon (2/15)

Altars:

Annotations:
D:2 Sigmund


Message History

Sigmund is moderately wounded.
Sigmund barely misses you. Sigmund says, "I'm your fate."
Sigmund casts a spell at himself.
Sigmund flickers and vanishes!
Deactivating autopickup; reactivate with Ctrl-A.
Found a stone staircase leading up.
Something hits you. Something burns you.
You feel less confused.
You hear some strange, mumbled words.
A puff of flame appears from out of thin air!
The puff of flame misses you. Something hits you!
* * * LOW HITPOINT WARNING * * *
Something burns you.
* * * LOW HITPOINT WARNING * * *
You hear some strange, mumbled words.
A puff of flame appears from out of thin air!
The puff of flame hits you!
You die...

...... #..##............
......#######.##............
..........###..#............
............).....##.#####.#
..........####).#.##.......#
..........# #..#.##.##.##÷#
.........{#####.#.##.##.##)#
...........................#
...........@..<......##.####
##############........).....
#...>###.#.#### #÷.......#.#
#..........# #.##.###.###
#.##.# #.# #.##.# #.# #.##.#
#.#


There were no monsters in sight!

Vanquished Creatures
  An adder (D:2)
  2 dart slugs
  A leopard gecko (D:2)
  A ball python (D:1)
  4 goblins
  7 hobgoblins
  4 jackals (D:1)
  4 kobolds
  A quokka (D:2)
  2 bats
  4 frilled lizards
  2 rats
33 creatures vanquished.

Notes
Turn   | Place    | Note
-------+----------+-------------------------------------------
     0 | D:1      | Descartes the Deep Elf Wanderer began the quest for the
                  | Orb.
     0 | D:1      | Descartes set off with the following items: a +0 dagger, a
                  | potion of curing, a +0 robe; and the following spells
                  | available to memorise: Freeze, Slow, Magic Dart, Ozocubu's
                  | Armour, Blink, Call Imp, Conjure Flame, Mephitic Cloud
     0 | D:1      | Reached XP level 1. HP: 12/12 MP: 6/6
     2 | D:1      | Learned a level 1 spell: Freeze
   104 | D:1      | Learned a level 1 spell: Magic Dart
   927 | D:1      | Reached XP level 2. HP: 16/16 MP: 5/8
  1084 | D:1      | Reached skill level 1 in Conjurations
  1742 | D:2      | Reached XP level 3. HP: 7/20 MP: 0/10
  2167 | D:2      | Reached skill level 4 in Spellcasting
  2386 | D:2      | Noticed Sigmund
  2395 | D:2      | HP: 1/20 [something (4)]
  2398 | D:2      | Killed from afar by Sigmund

Illustrated notes

Levels and vault maps discovered:
D:1:      dpeg_arrival_erosion, layout_basic
D:2:      minmay_roachtagon, layout_basic, uniq_sigmund, uniq_natasha

Skill      XL: |  1  2  3 |
---------------+----------+-----
Conjurations   | 1 |  1.9
Ice Magic      | 3 |  3.1
Spellcasting   | 4 |  4.0
Fighting       | |  1.5
Bows           | |  1.3
Stealth        | |  2.4
Hexes          | |  1.3

Action                   || total
-------------------------++-------
Melee: Dagger            ||    17
 Cast: Magic Dart        ||    74
       Freeze            ||    13
Armor: Robe              ||     5
Dodge: Dodged            ||    18
